 Dungeon Crawl Stone Soup version 0.29.1-13-g9f3cf754e1 (webtiles) character file.

Game seed: 5351194824852021374

7 Exodus22XD the Trooper (level 1, 19/20 HPs)
             Began as a Minotaur Fighter on Feb 4, 2023.
             Was a Follower of Wu Jian.
             Quit the game on level 1 of the Dungeon.
             The game lasted 00:00:18 (184 turns).

Exodus22XD the Trooper (Minotaur Fighter)            Turns: 184, Time: 00:00:19

Health: 19/20      AC:  7    Str: 20    XL:     1   Next: 83%
Magic:  0/0        EV:  9    Int:  5    God:    Wu Jian [*.....]
Gold:   31         SH:  4    Dex:  9    Spells: 0/0 levels left

rFire   . . .      SeeInvis .   a - +0 war axe
rCold   . . .      Faith    .   c - +0 buckler
rNeg    . . .      Spirit   .   b - +0 scale mail
rPois   .          Reflect  .   (helmet restricted)
rElec   .          Harm     .   (no cloak)
rCorr   .          Rampage  .   (no gloves)
Will    .....                   (no boots)
Stlth   ..........              (no amulet)
HPRegen 0.06/turn               (no ring)
MPRegen 0.07/turn               (no ring)

@: no status effects
A: horns 2, retaliatory headbutt
a: Renounce Religion


You were on level 1 of the Dungeon.
You worshipped Wu Jian.
Wu Jian was aware of your devotion.
You visited 1 branch of the dungeon, and saw 1 of its levels.

You collected 31 gold pieces.

Inventory:

Hand Weapons
 a - a +0 war axe (weapon)
Armour
 b - a +0 scale mail (worn)
 c - a +0 buckler (worn)
Potions
 d - a potion of might
 e - a potion of berserk rage {unknown}
 f - a potion of heal wounds {unknown}
 g - a potion of magic {unknown}


   Skills:
 + Level 4.0 Fighting
 + Level 2.5 Axes
 + Level 3.7 Armour
 + Level 3.7 Shields


You couldn't memorise any spells.
You didn't know any spells.
Your spell library was empty.

Dungeon Overview and Level Annotations

Branches:
Dungeon (1/15)

Altars:
Wu Jian


Innate Abilities, Weirdness & Mutations

You have a pair of horns on your head.
You reflexively headbutt those who attack you in melee.


Message History

You see here 5 stones.
You open the door.
There is an open door here.
f - a white potion No target in view!
g - a lumpy blue potion No target in view!
No target in view!
You open the door.
A bat comes into view.
The bat hits you but does no damage.
You slash the bat!
You kill the bat!
No target in view!
No target in view!
There is an open door here.
Found a faded altar of an unknown god.
No target in view!
No target in view!
You now have 31 gold pieces (gained 12).
A dart slug comes into view.
The dart slug launches a dart at you. The slug dart hits you.
The dart slug bites you.
You slash the dart slug!
The dart slug is almost dead.
The dart slug launches a dart at you.
The slug dart hits you but does no damage.
You barely miss the dart slug. You headbutt the dart slug.
You kill the dart slug!
Your Fighting skill increases to level 4!
No target in view!
Search for what [? for help]? alt
There is a faded altar of an unknown god here.
You cannot tell which god this altar belongs to.
Convert to them anyway?
Wu Jian accepts your prayer! The Council welcomes you!
You can now perform damaging attacks by moving towards foes.
You can now lightly attack monsters by moving around them.
Are you sure you want to abandon this character and quit the game? (Confirm with "yes".)

#.# . #.## .##
#..#### ..# ##....#
#.# ####(## #.#
#..## ##########.#
#.# ##(..
...........# #.#
###########'
.......###.# #@#
###...........
...........#
#.###.'...........
######.#####
#.#...#..########. #
#.# ####.....#..# #.
#.# #........#..# #.
#.# #.##.....#..# #.
#.######.##.#...#..#
#.
#........##.....#..#
.
#############...#..#


There were no monsters in sight!

Vanquished Creatures
  A dart slug (D:1)
  A bat (D:1)
  A hobgoblin (D:1)
  A quokka (D:1)
4 creatures vanquished.

Notes
Turn   | Place    | Note
-------+----------+-------------------------------------------
     0 | D:1      | Exodus22XD the Minotaur Fighter began the quest for the
                  | Orb.
     0 | D:1      | Reached XP level 1. HP: 19/19 MP: 0/0
   112 | D:1      | Found a faded altar of an unknown god.
   151 | D:1      | Reached skill level 4 in Fighting
   183 | D:1      | Prayed at the altar of an unknown god.
   183 | D:1      | Became a worshipper of the Wu Jian Council
   183 | D:1      | Reached * piety under Wu Jian
   184 | D:1      | Quit the game

Illustrated notes

Levels and vault maps discovered:
D:1:      dpeg_arrival_tiny_i, layout_loops_ring, basic_ecumenical_altar,
          kennysheep_small_spiral

Skill      XL: |  1 |
---------------+----+-----
Fighting       | 4 |  4.0
Axes           | |  2.5
Armour         | |  3.7
Shields        | |  3.7

Action                   || total
-------------------------++-------
Melee: War axe           ||     7
       Headbutt          ||     1
Armor: Scale mail        ||     4
Dodge: Dodged            ||     1
Block: Buckler           ||     1
